Flyers vs Avalanche

Created - janvier 16 2008 at 18:18

Goals
1 2 3 T
Flyers 0 0 1 1
Avalanche 1 1 2 4
Shots
1 2 3 T
Flyers 5 5 11 21
Avalanche 10 6 13 29

Period #1

1. Avalanche , Karlis Skrastins 2 (Brandon Bochenski, Derek Armstrong) at 16:10

Penalties :
Brent Seabrook (PHI) for Tripping (Minor) at 0:15, Tomas Holmstrom (PHI) for Hooking (Minor) at 9:18, Joni Pitkanen (COL) for Roughing (Minor) at 13:30, Samuel Pahlsson (PHI) for Hooking (Minor) at 13:30, Pavel Kubina (PHI) for Tripping (Minor) at 18:38

Period #2

2. Avalanche , Marek Svatos 9 (Wojtek Wolski, Randy Jones) at 17:30

Penalties :
Gary Roberts (COL) for Roughing (Minor) at 1:42, Gary Roberts (COL) for Tripping (Minor) at 3:50, Martin Straka (COL) for Holding (Minor) at 8:05, Mike Modano (COL) for Hooking (Minor) at 8:21, Brent Seabrook (PHI) for Roughing (Double Minor) at 10:21, Kurt Sauer (COL) for Hooking (Minor) at 14:42

Period #3

3. Avalanche , Mike Modano 21 (Keith Ballard, Wojtek Wolski) at 1:40 (PP)
4. Avalanche , Wojtek Wolski 10 (Randy Jones, Mike Smith) at 2:36 (PP)
5. Flyers , Peter Forsberg 10 (Alexander Radulov, Pavel Kubina) at 13:33

Penalties :
Denis Gauthier (PHI) for Holding (Minor) at 0:31, Todd White (PHI) for Hooking (Minor) at 1:41, Brent Seabrook (PHI) for Tripping (Minor) at 6:12, Gary Roberts (COL) for High sticking (Double Minor) at 8:35, Chris Osgood (PHI) for Delaying the game (Minor) at 16:52 - Brent Seabrook served the penalty., Samuel Pahlsson (PHI) for Roughing (Minor) at 17:47

Goalie Stats

Chris Osgood (PHI), 25 saves from 29 shots - (0,862), L, 27-15-3, 60:00 minutes
Mike Smith (COL), 20 saves from 21 shots - (0,952), W, 13-15-5, 60:00 minutes

Players Stats

Flyers
Player Name              G  A  P  +/- PIM S  H  SB FO MP 
-----------------------------------------------------------
Alexander Radulov        0  1  1   0  0   2  0  0  2  20 
Brent Seabrook           0  0  0   1  8   0  1  1  0  22 
Darryl Sydor             0  0  0  -2  0   0  1  0  0  21 
Denis Gauthier           0  0  0   0  2   1  1  1  0  22 
Dustin Penner            0  0  0   0  0   1  0  0  2  15 
Jeff Friesen             0  0  0   0  0   0  0  0  0  9  
Jiri Hudler              0  0  0  -1  0   1  1  0  0  14 
Michal Handzus           0  0  0   0  0   1  0  0  22 17 
Mike Knuble              0  0  0   0  0   2  0  1  1  15 
Mike Rathje              0  0  0   0  0   0  0  0  0  5  
Mike Van Ryn             0  0  0   0  0   0  0  0  0  24 
Owen Nolan               0  0  0  -1  0   4  0  2  0  10 
Pavel Kubina             0  1  1   0  2   0  1  2  0  22 
Peter Forsberg           1  0  1   0  0   2  1  1  18 19 
Sami Kapanen             0  0  0  -1  0   1  1  0  1  19 
Samuel Pahlsson          0  0  0  -1  4   2  1  0  21 16 
Todd White               0  0  0   0  2   1  0  0  18 14 
Tomas Holmstrom          0  0  0   0  2   3  3  0  1  13 
Avalanche
Player Name              G  A  P  +/- PIM S  H  SB FO MP 
-----------------------------------------------------------
Bill Thomas              0  0  0   0  0   0  0  0  0  6  
Brandon Bochenski        0  1  1   0  0   1  0  0  2  13 
Brett Mclean             0  0  0   0  0   1  0  0  7  9  
Derek Armstrong          0  1  1   0  0   1  0  0  8  13 
Gary Roberts             0  0  0   0  8   1  3  0  2  21 
Joni Pitkanen            0  0  0   0  2   1  0  0  0  20 
Karlis Skrastins         1  0  1   0  0   1  2  0  0  19 
Keith Ballard            0  1  1   1  0   2  1  2  0  23 
Kurt Sauer               0  0  0   0  2   0  2  0  0  13 
Marek Svatos             1  0  1   1  0   3  1  0  0  6  
Mark Recchi              0  0  0   0  0   1  1  0  5  17 
Martin Straka            0  0  0   0  2   4  0  0  0  22 
Mike Modano              1  0  1   1  2   4  3  0  26 21 
Patrick Sharp            0  0  0   0  0   1  2  0  34 22 
Randy Jones              0  2  2   1  0   2  0  0  0  22 
Sergei Brylin            0  0  0   0  0   0  1  0  1  14 
Sergei Zubov             0  0  0   0  0   3  2  0  0  25 
Wojtek Wolski            1  2  3   1  0   3  0  0  1  16 

3 Stars

1 - Wojtek Wolski (COL)
2 - Mike Modano (COL)
3 - Mike Smith (COL)

Power Play

Flyers - 0 on 6 Attempt(s) - 0,00%
Avalanche - 2 on 9 Attempt(s) - 22,22%

Penalty Kill

Flyers - 7 on 9 Attempt(s) - 77,78% - Score 0 goal in Penalty Kill
Avalanche - 6 on 6 Attempt(s) - 100,00% - Score 0 goal in Penalty Kill

Game Notes

No Game Note

Finance

Level 1 -- Attendance: 4268 (71,14%) -- Ticket Income 384 120,00 $
Level 2 -- Attendance: 3164 (63,28%) -- Ticket Income 189 840,00 $
Level 3 -- Attendance: 1146 (57,32%) -- Ticket Income 40 110,00 $
Level 4 -- Attendance: 1981 (49,52%) -- Ticket Income 49 525,00 $
Luxury Box -- Attendance: 569 (56,90%) -- Ticket Income 113 800,00 $
Game was played at the Pepsi Center
Total Attendance: 11128 (61,80%)
Total Ticket Income: 844 585,00 $
Other Income: 139 876,20 $
Total Income: 984 461,00 $


Play by Play

Period #1

0:01 of 1st period - Patrick Sharp wins face-off versus Alexander Radulov in neutral zone.
0:13 of 1st period - Icing by Brent Seabrook.
0:14 of 1st period - Mike Modano wins face-off versus Peter Forsberg in Flyers zone.
0:14 of 1st period - Mike Modano is hit by Brent Seabrook.
0:15 of 1st period - Minor Penalty to Brent Seabrook for Tripping.
0:16 of 1st period - Michal Handzus wins face-off versus Gary Roberts in Flyers zone.
0:16 of 1st period - Michal Handzus is hit by Mike Modano.
0:46 of 1st period - Icing by Mike Modano.
0:47 of 1st period - Michal Handzus wins face-off versus Mike Modano in Avalanche zone.
1:03 of 1st period - Shot by Wojtek Wolski.
1:03 of 1st period - Shot Misses the Net.
1:34 of 1st period - Shot by Martin Straka.
1:34 of 1st period - Shot Misses the Net.
2:06 of 1st period - Randy Jones is hit by Sami Kapanen and loses puck.
2:27 of 1st period - Shot by Alexander Radulov.
2:27 of 1st period - Stopped by Mike Smith without a rebound.
2:28 of 1st period - Todd White wins face-off versus Brett Mclean in Avalanche zone.
2:38 of 1st period - Sergei Brylin is hit by Tomas Holmstrom and loses puck.
2:45 of 1st period - Brett Mclean is hit by Tomas Holmstrom and loses puck.
3:13 of 1st period - Off-side.
3:14 of 1st period - Derek Armstrong wins face-off versus Peter Forsberg in neutral zone.
3:42 of 1st period - Peter Forsberg is hit by Karlis Skrastins and loses puck.
4:31 of 1st period - Shot by Owen Nolan.
4:31 of 1st period - Deflect By Samuel Pahlsson.
4:31 of 1st period - Stopped by Mike Smith with a rebound.
4:56 of 1st period - Marek Svatos is hit by Tomas Holmstrom and loses puck.
5:44 of 1st period - Mike Knuble is hit by Sergei Zubov and loses puck.
6:03 of 1st period - Shot by Peter Forsberg.
6:03 of 1st period - Stopped by Mike Smith without a rebound.
6:04 of 1st period - Michal Handzus wins face-off versus Derek Armstrong in Avalanche zone.
7:30 of 1st period - Shot by Sergei Brylin.
7:30 of 1st period - Shot Misses the Net.
7:32 of 1st period - Shot by Brett Mclean.
7:32 of 1st period - Shot Misses the Net.
7:34 of 1st period - Shot by Keith Ballard.
7:34 of 1st period - Shot Blocked by Owen Nolan.
7:50 of 1st period - Shot by Mark Recchi.
7:50 of 1st period - Stopped by Chris Osgood without a rebound.
7:51 of 1st period - Patrick Sharp wins face-off versus Mike Knuble in Flyers zone.
9:18 of 1st period - Minor Penalty to Tomas Holmstrom for Hooking.
9:19 of 1st period - Samuel Pahlsson wins face-off versus Wojtek Wolski in neutral zone.
9:42 of 1st period - Shot by Keith Ballard.
9:42 of 1st period - Stopped by Chris Osgood with a rebound.
9:54 of 1st period - Shot by Mike Modano.
9:54 of 1st period - Stopped by Chris Osgood with a rebound.
9:56 of 1st period - Shot by Gary Roberts.
9:56 of 1st period - Stopped by Chris Osgood without a rebound.
9:57 of 1st period - Samuel Pahlsson wins face-off versus Patrick Sharp in Flyers zone.
9:57 of 1st period - Samuel Pahlsson is hit by Patrick Sharp.
11:22 of 1st period - Shot by Gary Roberts.
11:22 of 1st period - Shot Misses the Net.
11:24 of 1st period - Shot by Kurt Sauer.
11:24 of 1st period - Shot Misses the Net.
11:34 of 1st period - Shot by Brandon Bochenski.
11:34 of 1st period - Stopped by Chris Osgood with a rebound.
11:36 of 1st period - Shot by Derek Armstrong.
11:36 of 1st period - Stopped by Chris Osgood without a rebound.
11:37 of 1st period - Samuel Pahlsson wins face-off versus Mark Recchi in Flyers zone.
11:57 of 1st period - Shot by Sami Kapanen.
11:57 of 1st period - Stopped by Mike Smith without a rebound.
11:58 of 1st period - Michal Handzus wins face-off versus Brett Mclean in Avalanche zone.
12:19 of 1st period - Shot by Jiri Hudler.
12:19 of 1st period - Stopped by Mike Smith without a rebound.
12:20 of 1st period - Peter Forsberg wins face-off versus Derek Armstrong in Avalanche zone.
13:00 of 1st period - Icing by Mike Knuble.
13:01 of 1st period - Patrick Sharp wins face-off versus Peter Forsberg in Flyers zone.
13:02 of 1st period - Shot by Martin Straka.
13:02 of 1st period - Shot Misses the Net.
13:25 of 1st period - Sami Kapanen is hit by Sergei Zubov.
13:30 of 1st period - Minor Penalty to Joni Pitkanen for Roughing.
13:30 of 1st period - Minor Penalty to Samuel Pahlsson for Hooking.
13:31 of 1st period - Mike Modano wins face-off versus Dustin Penner in Avalanche zone.
14:06 of 1st period - Shot by Dustin Penner.
14:06 of 1st period - Deflect By Todd White.
14:06 of 1st period - Shot Misses the Net.
14:44 of 1st period - Shot by Martin Straka.
14:44 of 1st period - Stopped by Chris Osgood without a rebound.
14:45 of 1st period - Peter Forsberg wins face-off versus Patrick Sharp in Flyers zone.
15:38 of 1st period - Icing by Kurt Sauer.
15:39 of 1st period - Samuel Pahlsson wins face-off versus Derek Armstrong in Avalanche zone.
15:39 of 1st period - Samuel Pahlsson is hit by Kurt Sauer.
15:46 of 1st period - Owen Nolan is hit by Karlis Skrastins and loses puck.
15:53 of 1st period - Samuel Pahlsson is hit by Gary Roberts and loses puck.
16:06 of 1st period - Shot by Derek Armstrong.
16:06 of 1st period - Shot Misses the Net.
16:08 of 1st period - Shot by Brandon Bochenski.
16:08 of 1st period - Shot Misses the Net.
16:10 of 1st period - Shot by Karlis Skrastins.
16:10 of 1st period - Goal by Karlis Skrastins - Flyers : 0 - Avalanche : 1.
16:11 of 1st period - Michal Handzus wins face-off versus Mike Modano in neutral zone.
16:23 of 1st period - Brent Seabrook is hit by Marek Svatos and loses puck.
16:28 of 1st period - Shot by Marek Svatos.
16:28 of 1st period - Shot Misses the Net.
16:30 of 1st period - Shot by Marek Svatos.
16:30 of 1st period - Stopped by Chris Osgood with a rebound.
16:56 of 1st period - Icing by Brent Seabrook.
16:57 of 1st period - Patrick Sharp wins face-off versus Michal Handzus in Flyers zone.
17:55 of 1st period - Brandon Bochenski is hit by Samuel Pahlsson and loses puck.
18:36 of 1st period - Wojtek Wolski is hit by Pavel Kubina and loses puck.
18:38 of 1st period - Minor Penalty to Pavel Kubina for Tripping.
18:39 of 1st period - Mike Modano wins face-off versus Samuel Pahlsson in Flyers zone.
18:54 of 1st period - Shot by Keith Ballard.
18:54 of 1st period - Stopped by Chris Osgood without a rebound.
18:55 of 1st period - Samuel Pahlsson wins face-off versus Patrick Sharp in Flyers zone.
19:58 of 1st period - Shot by Gary Roberts.
19:58 of 1st period - Shot Misses the Net.

Period #2

0:01 of 2nd period - Samuel Pahlsson wins face-off versus Patrick Sharp in neutral zone.
0:10 of 2nd period - Shot by Michal Handzus.
0:10 of 2nd period - Deflect By Samuel Pahlsson.
0:10 of 2nd period - Stopped by Mike Smith without a rebound.
0:11 of 2nd period - Samuel Pahlsson wins face-off versus Mike Modano in Avalanche zone.
1:42 of 2nd period - Minor Penalty to Gary Roberts for Roughing.
1:43 of 2nd period - Mike Modano wins face-off versus Todd White in neutral zone.
3:02 of 2nd period - Icing by Mike Knuble.
3:03 of 2nd period - Peter Forsberg wins face-off versus Patrick Sharp in Flyers zone.
3:05 of 2nd period - Icing by Mike Knuble.
3:06 of 2nd period - Peter Forsberg wins face-off versus Mike Modano in Flyers zone.
3:29 of 2nd period - Shot by Todd White.
3:29 of 2nd period - Shot Blocked by Keith Ballard.
3:31 of 2nd period - Shot by Tomas Holmstrom.
3:31 of 2nd period - Stopped by Mike Smith without a rebound.
3:32 of 2nd period - Patrick Sharp wins face-off versus Todd White in Avalanche zone.
3:50 of 2nd period - Minor Penalty to Gary Roberts for Tripping.
3:51 of 2nd period - Todd White wins face-off versus Patrick Sharp in neutral zone.
4:36 of 2nd period - Icing by Mike Van Ryn.
4:37 of 2nd period - Todd White wins face-off versus Patrick Sharp in Flyers zone.
5:38 of 2nd period - Shot by Martin Straka.
5:38 of 2nd period - Deflect By Patrick Sharp.
5:38 of 2nd period - Shot Misses the Net.
5:43 of 2nd period - Icing by Jiri Hudler.
5:44 of 2nd period - Michal Handzus wins face-off versus Mike Modano in Flyers zone.
6:01 of 2nd period - Shot by Samuel Pahlsson.
6:01 of 2nd period - Shot Misses the Net.
6:49 of 2nd period - Shot by Jeff Friesen.
6:49 of 2nd period - Shot Misses the Net.
7:21 of 2nd period - Icing by Jiri Hudler.
7:22 of 2nd period - Mike Modano wins face-off versus Michal Handzus in Flyers zone.
7:30 of 2nd period - Shot by Mike Modano.
7:30 of 2nd period - Shot Misses the Net.
7:32 of 2nd period - Shot by Karlis Skrastins.
7:32 of 2nd period - Shot Blocked by Brent Seabrook.
7:34 of 2nd period - Shot by Randy Jones.
7:34 of 2nd period - Shot Misses the Net.
7:36 of 2nd period - Shot by Randy Jones.
7:36 of 2nd period - Stopped by Chris Osgood without a rebound.
7:37 of 2nd period - Patrick Sharp wins face-off versus Samuel Pahlsson in Flyers zone.
8:04 of 2nd period - Shot by Mark Recchi.
8:04 of 2nd period - Shot Misses the Net.
8:05 of 2nd period - Minor Penalty to Martin Straka for Holding.
8:06 of 2nd period - Peter Forsberg wins face-off versus Patrick Sharp in Flyers zone.
8:06 of 2nd period - Peter Forsberg is hit by Patrick Sharp.
8:21 of 2nd period - Minor Penalty to Mike Modano for Hooking.
8:22 of 2nd period - Mark Recchi wins face-off versus Peter Forsberg in Flyers zone.
9:02 of 2nd period - Icing by Tomas Holmstrom.
9:03 of 2nd period - Todd White wins face-off versus Mark Recchi in Flyers zone.
9:27 of 2nd period - Shot by Dustin Penner.
9:27 of 2nd period - Shot Blocked by Keith Ballard.
9:29 of 2nd period - Shot by Todd White.
9:29 of 2nd period - Stopped by Mike Smith without a rebound.
9:30 of 2nd period - Peter Forsberg wins face-off versus Mark Recchi in Avalanche zone.
10:07 of 2nd period - Peter Forsberg is hit by Sergei Brylin and loses puck.
10:21 of 2nd period - Double Minor Penalty to Brent Seabrook for Roughing.
10:22 of 2nd period - Mike Modano wins face-off versus Michal Handzus in Flyers zone.
10:31 of 2nd period - Shot by Joni Pitkanen.
10:31 of 2nd period - Stopped by Chris Osgood without a rebound.
10:32 of 2nd period - Patrick Sharp wins face-off versus Michal Handzus in Flyers zone.
10:35 of 2nd period - Shot by Martin Straka.
10:35 of 2nd period - Stopped by Chris Osgood without a rebound.
10:36 of 2nd period - Michal Handzus wins face-off versus Patrick Sharp in Flyers zone.
11:08 of 2nd period - Shot by Patrick Sharp.
11:08 of 2nd period - Shot Misses the Net.
11:52 of 2nd period - Mike Rathje is hit by Gary Roberts and loses puck.
12:03 of 2nd period - Denis Gauthier is hit by Mike Modano and loses puck.
12:19 of 2nd period - Icing by Sergei Zubov.
12:20 of 2nd period - Sergei Brylin wins face-off versus Samuel Pahlsson in Avalanche zone.
12:46 of 2nd period - Sami Kapanen is hit by Mark Recchi and loses puck.
13:06 of 2nd period - Shot by Randy Jones.
13:06 of 2nd period - Stopped by Chris Osgood with a rebound.
13:35 of 2nd period - Icing by Brett Mclean.
13:36 of 2nd period - Samuel Pahlsson wins face-off versus Patrick Sharp in Avalanche zone.
14:42 of 2nd period - Minor Penalty to Kurt Sauer for Hooking.
14:43 of 2nd period - Mike Modano wins face-off versus Todd White in Avalanche zone.
16:00 of 2nd period - Off-side.
16:01 of 2nd period - Todd White wins face-off versus Patrick Sharp in neutral zone.
16:13 of 2nd period - Shot by Mike Van Ryn.
16:13 of 2nd period - Shot Misses the Net.
16:17 of 2nd period - Shot by Dustin Penner.
16:17 of 2nd period - Shot Misses the Net.
16:19 of 2nd period - Shot by Brent Seabrook.
16:19 of 2nd period - Shot Misses the Net.
16:57 of 2nd period - Mike Rathje is hit by Gary Roberts and loses puck.
17:12 of 2nd period - Shot by Samuel Pahlsson.
17:12 of 2nd period - Deflect By Owen Nolan.
17:12 of 2nd period - Stopped by Mike Smith without a rebound.
17:13 of 2nd period - Peter Forsberg wins face-off versus Mike Modano in Avalanche zone.
17:19 of 2nd period - Peter Forsberg is hit by Keith Ballard and loses puck.
17:30 of 2nd period - Shot by Marek Svatos.
17:30 of 2nd period - Goal by Marek Svatos - Flyers : 0 - Avalanche : 2.
17:31 of 2nd period - Michal Handzus wins face-off versus Brett Mclean in neutral zone.
18:43 of 2nd period - Samuel Pahlsson is hit by Kurt Sauer.
18:51 of 2nd period - Shot by Sami Kapanen.
18:51 of 2nd period - Shot Misses the Net.
18:55 of 2nd period - Shot by Owen Nolan.
18:55 of 2nd period - Stopped by Mike Smith without a rebound.
18:56 of 2nd period - Mike Modano wins face-off versus Peter Forsberg in Avalanche zone.
19:14 of 2nd period - Shot by Marek Svatos.
19:14 of 2nd period - Shot Blocked by Peter Forsberg.
19:16 of 2nd period - Shot by Mike Modano.
19:16 of 2nd period - Deflect By Wojtek Wolski.
19:16 of 2nd period - Shot Misses the Net.
19:18 of 2nd period - Shot by Mike Modano.
19:18 of 2nd period - Shot Blocked by Mike Knuble.
19:20 of 2nd period - Shot by Marek Svatos.
19:20 of 2nd period - Shot Misses the Net.
19:24 of 2nd period - Shot by Mike Modano.
19:24 of 2nd period - Shot Misses the Net.
19:28 of 2nd period - Shot by Wojtek Wolski.
19:28 of 2nd period - Stopped by Chris Osgood without a rebound.
19:29 of 2nd period - Patrick Sharp wins face-off versus Todd White in Flyers zone.
19:41 of 2nd period - Off-side.
19:42 of 2nd period - Samuel Pahlsson wins face-off versus Patrick Sharp in neutral zone.

Period #3

0:01 of 3rd period - Samuel Pahlsson wins face-off versus Derek Armstrong in neutral zone.
0:04 of 3rd period - Shot by Owen Nolan.
0:04 of 3rd period - Stopped by Mike Smith without a rebound.
0:05 of 3rd period - Brett Mclean wins face-off versus Todd White in Avalanche zone.
0:31 of 3rd period - Minor Penalty to Denis Gauthier for Holding.
0:32 of 3rd period - Patrick Sharp wins face-off versus Samuel Pahlsson in Flyers zone.
0:33 of 3rd period - Shot by Sergei Zubov.
0:33 of 3rd period - Stopped by Chris Osgood without a rebound.
0:34 of 3rd period - Samuel Pahlsson wins face-off versus Mike Modano in Flyers zone.
0:40 of 3rd period - Icing by Mike Modano.
0:41 of 3rd period - Mike Modano wins face-off versus Samuel Pahlsson in Avalanche zone.
0:52 of 3rd period - Shot by Wojtek Wolski.
0:52 of 3rd period - Shot Misses the Net.
0:54 of 3rd period - Shot by Keith Ballard.
0:54 of 3rd period - Shot Misses the Net.
0:56 of 3rd period - Shot by Wojtek Wolski.
0:56 of 3rd period - Stopped by Chris Osgood without a rebound.
0:57 of 3rd period - Patrick Sharp wins face-off versus Michal Handzus in Flyers zone.
0:58 of 3rd period - Shot by Martin Straka.
0:58 of 3rd period - Stopped by Chris Osgood without a rebound.
0:59 of 3rd period - Michal Handzus wins face-off versus Patrick Sharp in Flyers zone.
1:14 of 3rd period - Shot by Sergei Zubov.
1:14 of 3rd period - Stopped by Chris Osgood without a rebound.
1:15 of 3rd period - Mike Modano wins face-off versus Samuel Pahlsson in Flyers zone.
1:38 of 3rd period - Shot by Mike Modano.
1:38 of 3rd period - Shot Misses the Net.
1:40 of 3rd period - Shot by Mike Modano.
1:40 of 3rd period - Goal by Mike Modano - Flyers : 0 - Avalanche : 3.
1:41 of 3rd period - Patrick Sharp wins face-off versus Todd White in neutral zone.
1:41 of 3rd period - Minor Penalty to Todd White for Hooking.
1:42 of 3rd period - Samuel Pahlsson wins face-off versus Patrick Sharp in neutral zone.
1:48 of 3rd period - Icing by Joni Pitkanen.
1:49 of 3rd period - Samuel Pahlsson wins face-off versus Patrick Sharp in Avalanche zone.
2:05 of 3rd period - Martin Straka is hit by Denis Gauthier and loses puck.
2:16 of 3rd period - Shot by Martin Straka.
2:16 of 3rd period - Deflect By Mark Recchi.
2:16 of 3rd period - Shot Blocked by Denis Gauthier.
2:20 of 3rd period - Shot by Martin Straka.
2:20 of 3rd period - Stopped by Chris Osgood without a rebound.
2:21 of 3rd period - Mike Modano wins face-off versus Michal Handzus in Flyers zone.
2:36 of 3rd period - Shot by Wojtek Wolski.
2:36 of 3rd period - Goal by Wojtek Wolski - Flyers : 0 - Avalanche : 4.
2:37 of 3rd period - Derek Armstrong wins face-off versus Dustin Penner in neutral zone.
2:46 of 3rd period - Shot by Gary Roberts.
2:46 of 3rd period - Deflect By Derek Armstrong.
2:46 of 3rd period - Shot Misses the Net.
4:32 of 3rd period - Shot by Martin Straka.
4:32 of 3rd period - Shot Misses the Net.
4:36 of 3rd period - Shot by Patrick Sharp.
4:36 of 3rd period - Shot Misses the Net.
4:50 of 3rd period - Shot by Mark Recchi.
4:50 of 3rd period - Shot Blocked by Owen Nolan.
4:52 of 3rd period - Shot by Sergei Zubov.
4:52 of 3rd period - Stopped by Chris Osgood without a rebound.
4:53 of 3rd period - Mike Modano wins face-off versus Michal Handzus in Flyers zone.
5:04 of 3rd period - Shot by Michal Handzus.
5:04 of 3rd period - Stopped by Mike Smith without a rebound.
5:05 of 3rd period - Todd White wins face-off versus Brett Mclean in Avalanche zone.
5:28 of 3rd period - Shot by Dustin Penner.
5:28 of 3rd period - Shot Misses the Net.
5:51 of 3rd period - Icing by Todd White.
5:52 of 3rd period - Todd White wins face-off versus Mike Modano in Flyers zone.
6:03 of 3rd period - Shot by Wojtek Wolski.
6:03 of 3rd period - Shot Blocked by Pavel Kubina.
6:07 of 3rd period - Shot by Mike Modano.
6:07 of 3rd period - Stopped by Chris Osgood with a rebound.
6:09 of 3rd period - Shot by Mike Modano.
6:09 of 3rd period - Stopped by Chris Osgood without a rebound.
6:10 of 3rd period - Patrick Sharp wins face-off versus Michal Handzus in Flyers zone.
6:12 of 3rd period - Minor Penalty to Brent Seabrook for Tripping.
6:13 of 3rd period - Patrick Sharp wins face-off versus Sami Kapanen in Flyers zone.
7:03 of 3rd period - Icing by Randy Jones.
7:04 of 3rd period - Mike Modano wins face-off versus Samuel Pahlsson in Avalanche zone.
8:10 of 3rd period - Shot by Karlis Skrastins.
8:10 of 3rd period - Shot Misses the Net.
8:14 of 3rd period - Shot by Patrick Sharp.
8:14 of 3rd period - Stopped by Chris Osgood without a rebound.
8:15 of 3rd period - Todd White wins face-off versus Brandon Bochenski in Flyers zone.
8:22 of 3rd period - Shot by Tomas Holmstrom.
8:22 of 3rd period - Stopped by Mike Smith without a rebound.
8:23 of 3rd period - Brett Mclean wins face-off versus Tomas Holmstrom in Avalanche zone.
8:28 of 3rd period - Shot by Tomas Holmstrom.
8:28 of 3rd period - Shot Misses the Net.
8:30 of 3rd period - Shot by Denis Gauthier.
8:30 of 3rd period - Stopped by Mike Smith without a rebound.
8:31 of 3rd period - Derek Armstrong wins face-off versus Peter Forsberg in Avalanche zone.
8:35 of 3rd period - Double Minor Penalty to Gary Roberts for High sticking.
8:36 of 3rd period - Todd White wins face-off versus Mike Modano in neutral zone.
8:45 of 3rd period - Shot by Mike Van Ryn.
8:45 of 3rd period - Shot Misses the Net.
8:50 of 3rd period - Shot by Todd White.
8:50 of 3rd period - Shot Misses the Net.
9:32 of 3rd period - Karlis Skrastins is hit by Peter Forsberg.
11:03 of 3rd period - Shot by Mike Knuble.
11:03 of 3rd period - Stopped by Mike Smith without a rebound.
11:04 of 3rd period - Michal Handzus wins face-off versus Patrick Sharp in Avalanche zone.
12:05 of 3rd period - Off-side.
12:06 of 3rd period - Todd White wins face-off versus Mark Recchi in neutral zone.
12:29 of 3rd period - Shot by Tomas Holmstrom.
12:29 of 3rd period - Deflect By Todd White.
12:29 of 3rd period - Shot Misses the Net.
12:33 of 3rd period - Shot by Alexander Radulov.
12:33 of 3rd period - Stopped by Mike Smith without a rebound.
12:34 of 3rd period - Peter Forsberg wins face-off versus Patrick Sharp in Avalanche zone.
13:06 of 3rd period - Shot by Jiri Hudler.
13:06 of 3rd period - Shot Hit the Post.
13:08 of 3rd period - Shot by Samuel Pahlsson.
13:08 of 3rd period - Shot Misses the Net.
13:17 of 3rd period - Icing by Kurt Sauer.
13:18 of 3rd period - Peter Forsberg wins face-off versus Derek Armstrong in Avalanche zone.
13:31 of 3rd period - Shot by Alexander Radulov.
13:31 of 3rd period - Deflect By Peter Forsberg.
13:31 of 3rd period - Shot Misses the Net.
13:33 of 3rd period - Shot by Peter Forsberg.
13:33 of 3rd period - Goal by Peter Forsberg - Flyers : 1 - Avalanche : 4.
13:34 of 3rd period - Todd White wins face-off versus Patrick Sharp in neutral zone.
13:45 of 3rd period - Icing by Mark Recchi.
13:46 of 3rd period - Patrick Sharp wins face-off versus Michal Handzus in Avalanche zone.
14:35 of 3rd period - Patrick Sharp is hit by Jiri Hudler.
15:11 of 3rd period - Icing by Owen Nolan.
15:12 of 3rd period - Mike Modano wins face-off versus Samuel Pahlsson in Flyers zone.
15:25 of 3rd period - Shot by Owen Nolan.
15:25 of 3rd period - Stopped by Mike Smith without a rebound.
15:26 of 3rd period - Gary Roberts wins face-off versus Peter Forsberg in Avalanche zone.
15:30 of 3rd period - Off-side.
15:31 of 3rd period - Brandon Bochenski wins face-off versus Peter Forsberg in neutral zone.
15:34 of 3rd period - Shot by Karlis Skrastins.
15:34 of 3rd period - Shot Blocked by Pavel Kubina.
15:38 of 3rd period - Shot by Gary Roberts.
15:38 of 3rd period - Shot Misses the Net.
15:40 of 3rd period - Shot by Derek Armstrong.
15:40 of 3rd period - Shot Misses the Net.
16:11 of 3rd period - Shot by Derek Armstrong.
16:11 of 3rd period - Shot Misses the Net.
16:18 of 3rd period - Icing by Darryl Sydor.
16:19 of 3rd period - Mike Modano wins face-off versus Alexander Radulov in Flyers zone.
16:21 of 3rd period - Marek Svatos is hit by Darryl Sydor.
16:25 of 3rd period - Shot by Marek Svatos.
16:25 of 3rd period - Stopped by Chris Osgood without a rebound.
16:26 of 3rd period - Todd White wins face-off versus Mike Modano in Flyers zone.
16:26 of 3rd period - Todd White is hit by Mike Modano.
16:38 of 3rd period - Shot by Dustin Penner.
16:38 of 3rd period - Shot Misses the Net.
16:42 of 3rd period - Shot by Todd White.
16:42 of 3rd period - Shot Misses the Net.
16:44 of 3rd period - Shot by Dustin Penner.
16:44 of 3rd period - Stopped by Mike Smith with a rebound.
16:46 of 3rd period - Shot by Tomas Holmstrom.
16:46 of 3rd period - Stopped by Mike Smith without a rebound.
16:47 of 3rd period - Brett Mclean wins face-off versus Michal Handzus in Avalanche zone.
16:52 of 3rd period - Shot by Keith Ballard.
16:52 of 3rd period - Deflect By Brett Mclean.
16:52 of 3rd period - Stopped by Chris Osgood without a rebound.
16:52 of 3rd period - Minor Penalty to Chris Osgood for Delaying the game.
16:53 of 3rd period - Michal Handzus wins face-off versus Patrick Sharp in Flyers zone.
17:47 of 3rd period - Minor Penalty to Samuel Pahlsson for Roughing.
17:48 of 3rd period - Peter Forsberg wins face-off versus Mike Modano in neutral zone.
19:43 of 3rd period - Shot by Peter Forsberg.
19:43 of 3rd period - Deflect By Mike Knuble.
19:43 of 3rd period - Stopped by Mike Smith without a rebound.
19:44 of 3rd period - Michal Handzus wins face-off versus Patrick Sharp in Avalanche zone.


Output by the SimonT Hockey Simulator (STHS) for Jean-Pierre Décarie -- Original Page W3C XHTML 1.0 Valid